 Dungeon Crawl Stone Soup version 0.19.1 (webtiles) character file.

117 FortunaImperatrix the Covered (level 4, 0/41 HPs)
             Began as a Minotaur Fighter on Dec 4, 2016.
             Killed by divine providence
             ... invoked by an orc priest
              (15 damage)
             ... on level 3 of the Dungeon.
             The game lasted 00:05:06 (1583 turns).

FortunaImperatrix the Covered (Minotaur Fighter)    Turns: 1583, Time: 00:05:06

Health: 0/41       AC:  7    Str: 22    XL:     4   Next: 71%
Magic:  3/3        EV:  8    Int:  5    God:
Gold:   190        SH:  9    Dex:  9    Spells: 0 memorised, 3 levels left

rFire  . . .     SeeInvis .     a - +0 long sword
rCold  . . .     Gourm    .     l - +1 ring mail {MR+}
rNeg   . . .     Faith    .     c - +0 shield
rPois  .         Spirit   .     (helmet restricted)
rElec  .         Reflect  .     (no cloak)
rCorr  .         Harm     .     (no gloves)
MR     +....                    (no boots)
Stlth  ..........               (no amulet)
                                (no ring)
                                (no ring)

@: no status effects
A: retaliatory headbutt, horns 2
a: no special abilities


You were on level 3 of the Dungeon.
You were not hungry.

You visited 1 branch of the dungeon, and saw 3 of its levels.

You collected 190 gold pieces.

Inventory:

Hand Weapons
 a - a +0 long sword (weapon)
Missiles
 i - 20 poisoned needles
Armour
 c - a +0 shield (worn)
 l - a +1 ring mail of magic resistance (worn)
Scrolls
 e - a scroll of remove curse {unknown}
 j - 4 scrolls of identify {unknown}
 k - 2 scrolls of magic mapping {unknown}
 n - a scroll of immolation {unknown}
 p - 2 scrolls of enchant weapon {unknown}
 r - a scroll of teleportation {unknown}
Potions
 b - 4 potions of curing {unknown}
 d - 2 potions of might
 o - a potion of cure mutation {unknown}
Comestibles
 f - a bread ration
 g - a beef jerky
 h - a slice of pizza
 m - a meat ration
 q - a chunk of flesh
 s - 4 fruits


   Skills:
 + Level 4.6 Fighting
 * Level 3.6 Long Blades
 + Level 4.6 Armour
 * Level 4.4 Shields


You had 3 spell levels left.
You didn't know any spells.

Dungeon Overview and Level Annotations

Branches:
Dungeon (3/15)

Altars:


Innate Abilities, Weirdness & Mutations

You reflexively headbutt those who attack you in melee.
You have a pair of horns on your head.


Message History

The orc priest looks satisfied for a moment.
An orc comes into view.
An orc comes into view. It is wielding a hand axe.
You see here an orc corpse.
You closely miss the orc priest. Your headbutt misses the orc priest.
You block the orc priest's attack.
You slash the orc priest!
The orc priest is heavily wounded.
The orc priest looks satisfied for a moment.
The orc priest barely misses you.
You barely miss the orc priest.
The orc priest is heavily wounded.
You block the orc priest's attack.
The orc priest mumbles some strange prayers to Beogh against you.
Beogh smites you!
You hit the orc priest. You headbutt the orc priest.
You kill the orc priest!
The orc priest invokes the aid of Beogh against you.
Beogh smites you!
You die...

########
######.@)ooo#
#....#.####.# ##
#....#.# #.
#....#.# #####.
#....#.#
#####.....
##########......#
#.........
#.......##......#
#.#####...
#.......##......#
#...
#.......##......#
##..


You could see an orc priest and 2 orcs.

Vanquished Creatures
  An orc priest (D:3)
  Natasha (D:3)
  A gnoll (D:1)
  An ooze (D:3)
  A worm (D:2)
  2 dart slugs (D:1)
  2 leopard geckos (D:1)
  2 orcs (D:3)
  A ball python (D:3)
  A giant cockroach (D:2)
  5 hobgoblins
  5 kobolds
  A quokka (D:3)
  5 bats
  2 frilled lizards
  6 goblins
  A rat (D:1)
38 creatures vanquished.

Notes
Turn   | Place    | Note
-------+----------+-------------------------------------------
     0 | D:1      | FortunaImperatrix the Minotaur Fighter began the quest for the Orb.
     0 | D:1      | Reached XP level 1. HP: 19/19 MP: 0/0
    50 | D:1      | Reached XP level 2. HP: 18/27 MP: 1/1
   306 | D:1      | Reached XP level 3. HP: 33/33 MP: 2/2
  1394 | D:3      | Noticed Natasha
  1399 | D:3      | Killed Natasha
  1399 | D:3      | Reached XP level 4. HP: 38/41 MP: 3/3
  1583 | D:3      | Killed from afar by an orc priest

Skill      XL: |  1  2  3 |
---------------+----------+-----
Shields        | 4 |  4.4
Armour         | 4 |  4.6
Fighting       | 4 |  4.6
Long Blades    | 3 |  3.6

Action                   |  1- 3 |  4- 6 || total
-------------------------+-------+-------++-------
Melee: Long sword        |    68 |    15 ||    83
       Headbutt          |    10 |     1 ||    11
  Eat: Chunk             |     1 |     1 ||     2
Armor: Scale mail        |    16 |       ||    16
       Ring mail         |    10 |     6 ||    16
Dodge: Dodged            |    14 |     5 ||    19
Block: Shield            |    23 |     6 ||    29
       Rpst.: Long sword |     5 |     1 ||     6
